 Dungeon Crawl Stone Soup version 0.28-a0-697-g47f3eba (webtiles) character file.

Game seed: 17592254954319775513

9 NeededCrab the Skirmisher (level 2, -1/24 HPs)
             Began as a Demonspawn Monk on Oct 23, 2021.
             Succumbed to a kobold's poison
             ... on level 1 of the Dungeon.
             The game lasted 00:01:45 (473 turns).

NeededCrab the Skirmisher (Demonspawn Monk)          Turns: 473, Time: 00:01:46

Health: -1/24      AC:  3    Str: 11    XL:     2   Next: 3%
Magic:  2/2        EV: 12    Int: 11    God:
Gold:   34         SH:  0    Dex: 15    Spells: 1/1 levels left

rFire   . . .      SeeInvis .   a - +0 mace
rCold   . . .      Faith    .   (no shield)
rNeg    . . .      Spirit   .   c - +0 leather armour
rPois   .          Reflect  .   (no helmet)
rElec   .          Harm     .   (no cloak)
rCorr   .          Rampage  .   (no gloves)
Will    .....                   (no boots)
Stlth   ++........              (no amulet)
HPRegen 0.08/turn               (no ring)
MPRegen 0.08/turn               (no ring)

@: lethally poisoned (-1 -> -12)
A: foul stench 1
a: no special abilities


You were on level 1 of the Dungeon.
You visited 1 branch of the dungeon, and saw 1 of its levels.

You collected 34 gold pieces.

Inventory:

Hand Weapons
 a - a +0 mace (weapon)
Armour
 c - a +0 leather armour (worn)


   Skills:
 + Level 3.1 Fighting
 * Level 3.0 Maces & Flails
 + Level 0.4 Armour
 - Level 2.6 Dodging
 - Level 1.7 Stealth


You had one spell level left.
You didn't know any spells.
Your spell library was empty.

Dungeon Overview and Level Annotations

Branches:
Dungeon (1/15)

Altars:


Innate Abilities, Weirdness & Mutations

You may rarely emit foul miasma when damaged in melee.


Message History

You hit the rat.
You kill the rat!
No target in view!
No target in view!
No target in view! 2 kobolds come into view.
A kobold is wielding a +2 whip of venom.
A jackal comes into view.
Found 9 gold pieces.
The kobold shouts! x2; The jackal barks!
The kobold hits you with a +2 whip of venom.
You are poisoned.
You feel very sick.
You feel sick.
You feel sick.
You feel sick.
You feel sick.
You hit the kobold.
The kobold is moderately wounded.
You feel sick. The kobold closely misses you.
You hit the kobold.
The kobold is heavily wounded.
You feel sick.
The kobold hits you with a +2 whip of venom.
You are lethally poisoned!
You hit the kobold.
The kobold is severely wounded.
* * * LOW HITPOINT WARNING * * *
You feel very sick. The kobold barely misses you.
The kobold closely misses you.
You barely miss the kobold.
The kobold is severely wounded.
* * * LOW HITPOINT WARNING * * *
You feel sick.
The kobold hits you with a +2 whip of venom.
* * * LOW HITPOINT WARNING * * *
You are more poisoned.
You hit the kobold.
You kill the kobold!
You die...

#.# #.. ##.## #..
###...## #.# #
...... #.# #.
#...# #.# .. #..#
#.#
#.##..#####.#####
#.†..........@)h#
####..#########K#
#.####..#
#......###
#.......#
#.####h..#
######.## .. #.#.#
#.####.##...##.#
#......#$..K #
#######......##...
......#......#.#.#


You could see a jackal and a kobold.

Vanquished Creatures
  A ball python (D:1)
  2 endoplasms (D:1)
  2 hobgoblins (D:1)
  A kobold (D:1)
  3 rats (D:1)
9 creatures vanquished.

Notes
Turn   | Place    | Note
-------+----------+-------------------------------------------
     0 | D:1      | NeededCrab the Demonspawn Monk began the quest for the Orb.
     0 | D:1      | Reached XP level 1. HP: 18/18 MP: 1/1
   393 | D:1      | Gained mutation: You may rarely emit foul miasma when
                  | damaged in melee. [demonic ancestry]
   393 | D:1      | Reached XP level 2. HP: 21/24 MP: 2/2
   473 | D:1      | Succumbed to a kobold's poison

Illustrated notes

Levels and vault maps discovered:
D:1:      sevenhm_arrival_forest_fort_large_4, layout_loops_corners,
          ebering_ecumenical_altar_webs, minmay_hexomino_f4

Skill      XL: |  1 |
---------------+----+-----
Maces & Flails | 3 |  3.0
Fighting       | |  3.1
Armour         | |  0.4
Dodging        | |  2.6
Stealth        | |  1.7

Action                   || total
-------------------------++-------
Melee: Mace              ||    20
 Stab: Sleeping          ||     1
Dodge: Dodged            ||     9

Table legend: (Time is in decaauts)
 A = Elapsed time spent in this place.
 B = Non-inter-level travel time spent in this place.
 C = Inter-level travel time spent in this place.
 D = Time resting spent in this place.
 E = Time spent auto-exploring this place.
 F = Levels seen in this place.
 G = Mean time per level.
                   A        B        C        D        E       F      G
               +--------+--------+--------+--------+--------+-----+--------+
         Total |    478 |    478 |      0 |      0 |    366 |   1 |  478.0 |
       Dungeon |    478 |    478 |      0 |      0 |    366 |   1 |  478.0 |
               +--------+--------+--------+--------+--------+-----+--------+

Top non-repeatable levels by time:
     D:1: 478 daAuts
